Map: Crête de Lerilak

Players

Lopiiii

  • Race: Terran Terran
  • League: Diamond

Worming - Winner!

  • Race: Zerg Zerg
  • League: Diamond

VOD

Have the link to the VOD?

Description

Time

  • Played on: Dec. 21, 2015, 11:38 a.m.
  • Length: 16:36
Show
View Real Time Build Order
Export as new Build Order

Lopiiii Terran 

Build Orders: Reaper Expand, Bio Mine 

Get SALT Encoding   

  12  0:00  SCV  
  13  0:13  SCV  
  14  0:17  Supply Depot  
  14  0:25  SCV  
  15  0:39  SCV  
  15  0:40  Barracks  
  16  0:46  Refinery  
  16  0:51  SCV  
  17  1:03  SCV  
  18  1:15  SCV  
  19  1:27  Orbital Command  
  19  1:29  Reaper  
  20  1:41  Command Center  
  20  1:51  Supply Depot  
  20  1:53  SCV  
  21  2:01  Barracks Reactor  
  21  2:06  SCV  
  22  2:08  Barracks  
  22  2:19  SCV  
  22  2:20  Barracks  
  23  2:31  SCV  
  24  2:41  Marine x2  
  24  2:44  SCV  
  27  2:51  Refinery  
  27  2:53  Orbital Command  
  27  2:58  Barracks Tech Lab  
  27  2:59  Marine x2  
  27  3:02  SCV  
  30  3:11  Barracks Reactor  
  30  3:14  SCV  
  30  3:17  Stimpack, Marine x3  
  34  3:22  Factory  
  34  3:28  SCV  
  34  3:31  SCV  
  36  3:34  Marine  
  36  3:35  Marine  
  36  3:40  SCV  
  39  3:42  Supply Depot, Marine  
  39  3:43  SCV  
  39  3:48  Marine  
  42  3:49  Marine  
  42  3:53  SCV  
  42  3:55  SCV  
  45  3:57  Marine  
  46  4:03  Marine  
  46  4:04  Marine  
  46  4:07  Factory Reactor, Starport  
  48  4:10  SCV x2  
  48  4:13  Supply Depot  
  50  4:20  Marine x2  
  50  4:21  Marine  
  52  4:25  Supply Depot  
  52  4:27  SCV x2  
  54  4:34  Marine  
  55  4:39  SCV x2  
  55  4:40  Marine x4  
  61  4:49  Supply Depot  
  61  4:50  Medivac x2, Factory Reactor  
  61  4:51  SCV x2  
  67  4:53  Marine  
  67  4:58  Marine  
  69  5:03  SCV  
  69  5:06  Command Center  
  70  5:10  Marine x3  
  73  5:17  Refinery  
  73  5:18  Combat Shields  
  73  5:20  SCV x2  
  75  5:26  Supply Depot  
  75  5:27  Marine x2  
  77  5:32  Supply Depot  
  77  5:36  Supply Depot, SCV  
  77  5:39  Refinery  
  78  5:47  Widow Mine x2, Marine  
  78  5:48  SCV, Marine  
  85  5:51  Engineering Bay  
  85  5:52  Engineering Bay  
  85  5:57  Marine x2  
  85  5:58  Marine  
  85  5:59  Medivac  
  81  6:11  Marine  
  81  6:12  Marine  
  81  6:13  Medivac  
  85  6:26  Marine  
  85  6:27  Orbital Command  
  85  6:31  Terran Infantry Weapons Level 1  
  85  6:32  Terran Infantry Armor Level 1  
  86  6:33  Barracks x2  
  86  6:36  Concussive Shells, Marine x2  
  86  6:37  Medivac  
  90  6:40  SCV x2  
  92  6:50  Armory  
  92  6:57  Marine x2  
  92  6:58  Marine x2  
  92  6:59  Marauder  
  89  7:15  Marine x2  
  89  7:20  Marauder  
  89  7:21  Marine  
  89  7:22  Barracks Tech Lab, Barracks Reactor  
  92  7:30  Marine  
  92  7:33  Marine x2  
  94  7:39  Marine  
  94  7:41  Marine  
  94  7:43  Orbital Command, Marine  
  94  7:44  Widow Mine x2, Medivac  
  97  7:45  Medivac  
  97  7:47  Marine  
  97  7:51  Marine  
  100  7:54  SCV x2  
  100  7:55  Barracks  
  100  7:56  Barracks  
  101  8:00  Marine x2  
  101  8:01  Marine x2  
  101  8:02  Marauder x2  
  109  8:06  SCV x2  
  109  8:09  SCV  
  112  8:14  Medivac  
  112  8:15  Medivac  
  112  8:18  SCV  
  117  8:22  SCV x2  
  117  8:28  Marine  
  117  8:32  Marine  
  117  8:40  Marine  
  117  8:41  Marine  
  117  8:42  Marine  
  117  8:44  Missile Turret  
  117  8:45  Missile Turret x2  
  117  8:46  Missile Turret x2, Marine  
  117  8:48  Missile Turret  
  117  8:55  Marine  
  117  8:57  Marine  
  117  9:15  Missile Turret  
  117  9:27  Barracks Tech Lab  
  117  9:28  Armory  
  117  9:40  Barracks Reactor, Supply Depot  
  117  9:41  SCV x3, Marine x5  
  117  9:44  Terran Infantry Weapons Level 2, Terran Infantry Armor Level 2  
  125  9:49  Supply Depot  
  125  10:01  SCV, Marine x5  
  125  10:02  Marauder  
  133  10:10  Medivac, SCV, Marine x2  
  133  10:11  Marauder  
  140  10:19  Marine  
  141  10:26  Widow Mine x2, Medivac, Marine  
  92  10:37  Marine x3  
  92  10:38  Marauder x2  
  92  10:40  Medivac  
  92  10:42  Marauder  
  103  10:47  Ghost Academy, Missile Turret  
  103  10:48  Missile Turret  
  101  10:51  Marine x3  
  101  10:52  Marine x2  
  101  10:56  Medivac  
  108  10:59  Marauder x2  
  108  11:02  Supply Depot, SCV  
  108  11:03  Marauder, SCV  
  116  11:06  Widow Mine x2  
  116  11:10  Medivac  
  122  11:14  Factory  
  122  11:21  Marauder x2  
  122  11:25  Marauder  
  128  11:27  Marine x3  
  130  11:39  Marine x4  
  132  11:42  Marauder  
  132  11:43  Marine  
  132  11:44  Widow Mine x2, Marine  
  132  11:45  Marine  
  142  11:49  Terran Vehicle Weapons Level 1, Personal Cloaking  
  142  11:53  Marine x3  
  145  11:56  Refinery  
  145  11:59  Missile Turret  
  145  12:03  Terran Infantry Weapons Level 3, Terran Infantry Armor Level 3, Marine x4  
  149  12:08  Supply Depot  
  149  12:09  Supply Depot  
  149  12:10  Marauder x2  
  149  12:12  Marauder  
  155  12:18  Marine x2  
  155  12:19  Factory Tech Lab  
  157  12:23  Supply Depot  
  157  12:25  Supply Depot  
  157  12:29  Marine x2  
  157  12:31  Marine, Marauder x2  
  157  12:32  Marine  
  157  12:33  Marauder  
  167  12:38  Drilling Claws  
  131  12:55  Marine x5  
  127  13:06  Marine x5  
  127  13:10  Ghost  
  119  13:23  Ghost  
  119  13:24  Ghost  
  123  13:39  Marauder, Marine x6  
  102  14:09  Marine x4  
  88  14:10  Liberator x2  
  84  14:17  Marauder x2  
  84  14:18  Widow Mine x2, Marauder  
  84  14:19  Thor  
  92  14:26  Marine x4  
  83  14:34  Marine x4  
  72  14:38  Marine x2  
  72  14:39  Marauder  
  72  14:44  Marine x2  
  78  14:57  Marine  
  65  15:36  Marine x2  
  53  16:03  Orbital Command  
Show
View Real Time Build Order
Export as new Build Order

Worming Zerg - Winner!

Build Orders: Hatch First, Muta Ling Bane 

Get SALT Encoding   

  12  0:01  Drone  
  13  0:12  Overlord  
  13  0:17  Drone  
  14  0:31  Drone x2  
  16  0:40  Drone  
  17  0:54  Hatchery  
  16  0:57  Drone  
  16  1:00  Drone  
  18  1:15  Spawning Pool  
  18  1:16  Drone  
  18  1:20  Extractor  
  17  1:31  Drone  
  18  1:34  Drone  
  19  1:49  Overlord  
  19  1:55  Drone  
  20  2:01  Queen  
  20  2:05  Zergling x2  
  20  2:06  Queen  
  20  2:07  Drone  
  26  2:16  Drone x2  
  26  2:22  Drone  
  29  2:24  Metabolic Boost  
  29  2:31  Drone  
  30  2:37  Zergling x2  
  30  2:40  Queen  
  32  2:45  Zergling x2  
  33  2:56  Overlord  
  33  3:08  Drone x2  
  33  3:12  Overlord  
  35  3:14  Queen  
  35  3:15  Drone x5  
  35  3:16  Drone  
  43  3:25  Overlord  
  43  3:26  Overlord  
  43  3:32  Queen  
  45  3:34  Drone x2  
  45  3:37  Zergling x2  
  48  3:47  Drone x7  
  55  4:01  Extractor  
  55  4:02  Extractor  
  51  4:04  Hatchery  
  51  4:09  Extractor  
  49  4:21  Zergling x4  
  50  4:27  Drone x4  
  54  4:42  Baneling Nest, Drone  
  54  4:43  Drone, Evolution Chamber  
  54  4:44  Evolution Chamber, Overlord x2  
  54  4:45  Zergling x4  
  55  4:56  Zergling x2  
  55  4:57  Zergling x12  
  62  5:11  Overlord  
  62  5:13  Lair, Zerg Melee Weapons Level 1, Zerg Ground Armor Level 1  
  62  5:24  Drone x5  
  67  5:33  Zergling x2  
  67  5:34  Zergling x8  
  72  5:46  Baneling x9  
  72  5:47  Baneling  
  71  5:56  Overlord  
  71  5:57  Zergling x4  
  71  5:58  Zergling x12  
  71  6:03  Zergling x2  
  71  6:09  Zergling x4  
  72  6:24  Drone  
  71  6:25  Spire  
  71  6:26  Drone x4  
  71  6:27  Drone x3, Extractor  
  71  6:28  Extractor  
  75  6:37  Zergling x2  
  75  6:39  Overlord  
  76  6:40  Overlord  
  76  6:41  Overlord  
  76  6:43  Drone x9  
  85  6:52  Zergling x2  
  85  6:53  Centrifical Hooks  
  86  7:06  Zergling x14  
  86  7:23  Zergling x16  
  94  7:35  Queen  
  92  7:37  Zerg Flyer Weapons Level 1, Mutalisk x6  
  104  7:57  Burrow, Zerg Melee Weapons Level 2, Zerg Ground Armor Level 2  
  104  7:59  Drone  
  104  8:00  Drone x2  
  106  8:08  Baneling x3  
  106  8:09  Baneling x11  
  106  8:12  Hatchery  
  106  8:19  Infestation Pit  
  84  8:36  Zergling x24  
  84  8:37  Zergling x6  
  99  9:08  Pathogen Glands  
  99  9:09  Drone  
  104  9:10  Drone x11  
  111  9:20  Hive  
  111  9:22  Baneling  
  111  9:23  Baneling x5  
  111  9:31  Overlord x4  
  111  9:32  Zerg Flyer Weapons Level 2  
  111  9:36  Overseer  
  111  9:37  Overseer  
  111  9:47  Overlord x2  
  111  9:49  Infestor  
  111  9:50  Infestor x4  
  122  9:52  Zergling x2  
  122  9:53  Zergling x20  
  122  9:57  Extractor x2  
  130  10:05  Zergling x8  
  133  10:07  Baneling x9  
  133  10:11  Zergling x14  
  140  10:14  Drone x3  
  133  10:35  Mutalisk x5  
  120  10:38  Zergling x2  
  131  10:45  Ultralisk Cavern  
  131  10:49  Zergling x2  
  131  10:57  Zerg Melee Weapons Level 3  
  131  11:09  Zerg Ground Armor Level 3  
  131  11:12  Hatchery  
  131  11:17  Queen  
  122  11:32  Extractor  
  122  11:37  Extractor  
  122  11:38  Zergling x18  
  122  11:39  Zergling x12  
  130  11:41  Pneumatized Carapace  
  130  11:43  Chitinous Plating  
  130  11:44  Adrenal Glands  
  130  11:45  Zergling x2, Overlord x2  
  130  11:46  Zergling x32  
  147  11:49  Drone  
  147  11:50  Queen x2  
  152  12:07  Overlord x2  
  152  12:08  Overlord  
  152  12:09  Overlord  
  152  12:11  Drone x2  
  152  12:12  Drone  
  152  12:13  Drone x3  
  158  12:16  Ultralisk x3  
  176  12:29  Baneling x8  
  176  12:31  Ultralisk  
  149  12:54  Zergling x6  
  149  12:55  Zergling x14  
  152  13:10  Mutalisk x2  
  152  13:11  Mutalisk x2  
  153  13:14  Drone x2  
  153  13:16  Zergling x8  
  153  13:17  Ultralisk x3  
  177  13:23  Zergling x2  
  171  13:39  Infestor x3  
  171  13:41  Zergling x14  
  178  13:43  Baneling  
  178  13:44  Baneling x8  
  182  14:16  Zergling x20  
  185  14:38  Ultralisk  
  185  14:39  Zergling x2, Ultralisk  
  185  14:40  Zergling x2  
  185  14:43  Hatchery  
  189  14:55  Overseer  
  189  14:56  Overlord x2  
  189  15:06  Greater Spire  
  189  15:20  Infestor x3  
  195  15:23  Corruptor x2  
  175  15:39  Infestor x3  
  175  15:41  Extractor, Ultralisk x3  
  175  15:42  Corruptor x2, Mutalisk  
  192  15:43  Corruptor x2  
  198  16:00  Drone  
  198  16:02  Extractor  
  198  16:18  Hatchery  
Tags
 
Add a new tag
Caveats
  • Supply blocks, unpowered buildings, or Contaminate may cause inaccurate times.
  • Supply counts are checked every 10 seconds.